 Dungeon Crawl Stone Soup version 0.18.1-50-g88ac8fd (webtiles) character file.

88 Ladykiller69 the Cudgeler (level 4, -1/45 HPs)
             Began as an Ogre Gladiator on Oct 23, 2016.
             Killed from afar by an orc wizard (9 damage)
             ... with a puff of flame
             ... on level 3 of the Dungeon.
             The game lasted 00:07:24 (1451 turns).

Ladykiller69 the Cudgeler (Ogre Gladiator)          Turns: 1451, Time: 00:07:25

Health: -1/45      AC:  3    Str: 20    XL:     4   Next: 53%
Magic:  4/4        EV: 10    Int:  7    God:
Gold:   158        SH:  0    Dex: 11    Spells: 0 memorised, 3 levels left

rFire  . . .     SeeInvis .     a - +0 flail
rCold  . . .     Gourm    .     b - +0 robe
rNeg   . . .     Faith    .     (no shield)
rPois  .         Spirit   .     c - +0 hat
rElec  .         Dismiss  .     (no cloak)
rCorr  .         Reflect  .     (gloves unavailable)
SustAt .         Harm     .     (boots unavailable)
MR     .....                    (no amulet)
Stlth  +.........               (no ring)
                                (no ring)

@: not resistant to hostile enchantments, very unstealthy
A: unfitting armour, tough skin 1
a: no special abilities


You were on level 3 of the Dungeon.
You were not hungry.

You visited 1 branch of the dungeon, and saw 3 of its levels.

You collected 158 gold pieces.

Inventory:

Hand Weapons
 a - a +0 flail (weapon)
Missiles
 d - 3 throwing nets (quivered)
 i - 8 exploding tomahawks
Armour
 b - a +0 robe (worn)
 c - a +0 hat (worn)
Jewellery
 m - an uncursed amulet of harm {unknown}
 r - an uncursed ring of wizardry {unknown}
Scrolls
 e - a scroll of amnesia {unknown}
 h - a scroll of fear {unknown}
 j - a scroll of remove curse {unknown}
 k - a scroll of teleportation {unknown}
 o - a scroll of identify {unknown}
 p - a scroll of enchant armour {unknown}
 q - a scroll of magic mapping {unknown}
Potions
 l - a potion of flight {unknown}
 n - a potion of cancellation {unknown}
 t - a potion of curing {unknown}
Comestibles
 f - 4 bread rations
 g - a royal jelly
 s - a beef jerky


   Skills:
 + Level 3.5 Fighting
 * Level 5.3 Maces & Flails
 + Level 2.8 Throwing
 + Level 3.1 Dodging


You had 3 spell levels left.
You didn't know any spells.

Dungeon Overview and Level Annotations

Branches:
Dungeon (3/15)

Altars:


Innate Abilities, Weirdness & Mutations

You are too large for most types of armour.
You have tough skin (AC +1).


Message History

The orc wizard is almost dead.
The orc wizard gestures wildly while chanting.
The orc wizard flickers and vanishes!
Deactivating autopickup; reactivate with Ctrl-A.
Something hits you.
You closely miss something.
You hear some strange, mumbled words.
A puff of flame appears from out of thin air!
The puff of flame hits you!
* * * LOW HITPOINT WARNING * * *
You hear some strange, mumbled words.
A puff of flame appears from out of thin air!
The puff of flame hits you!
* * * LOW HITPOINT WARNING * * *
You miss something. Something hits you but does no damage.
You closely miss something.
You hear some strange, mumbled words.
A puff of flame appears from out of thin air!
The puff of flame hits you!
You die...

#.⌠...⌠.#.. #.#
#.......##. #..
#.⌠.†)⌠.##.
#.#.#.##...<...##.
#.#...##########..
#.##..#..# #.....
#.##..#..# #..##.
#†#...#.†####..##.
#@#..##...........
#{#..##.#####..##.
#o......# #..##.
###..#### #..##.
#..# #..##. #..#
#..... #o.# ......
#..# ##...# #.o#


You could see an orc.

Vanquished Creatures
  4 adders (D:2)
  3 dart slugs
  An orc (D:3)
  7 bats
  3 giant cockroaches
  7 goblins
  3 hobgoblins
  4 jackals (D:1)
  5 giant newts
  3 kobolds
  7 rats
47 creatures vanquished.

Notes
Turn   | Place    | Note
--------------------------------------------------------------
     0 | D:1      | Ladykiller69 the Ogre Gladiator began the quest for the Orb.
     0 | D:1      | Reached XP level 1. HP: 22/22 MP: 1/1
    92 | D:1      | Reached XP level 2. HP: 23/29 MP: 2/2
   263 | D:1      | Reached XP level 3. HP: 27/36 MP: 3/3
   522 | D:2      | Reached skill level 5 in Maces & Flails
   527 | D:2      | Reached XP level 4. HP: 31/45 MP: 4/4
  1451 | D:3      | Killed from afar by an orc wizard

Skill      XL: |  1  2  3 |
---------------+----------+-----
Fighting       | 3 |  3.5
Dodging        | 3 |  3.1
Maces & Flails | 5 |  5.3
Throwing       | |  2.8

Action                   |  1- 3 |  4- 6 || total
-------------------------+-------+-------++-------
Melee: Flail             |   104 |    95 ||   199
  Use: Potion            |       |     3 ||     3
 Stab: Sleeping          |     1 |       ||     1
  Eat: Chunk             |       |     2 ||     2
Armor: Robe              |    44 |    26 ||    70
Dodge: Dodged            |    78 |    61 ||   139
